 Dungeon Crawl Stone Soup version 0.13-a0-2531-g2ad9301 (webtiles) character file.

201 Kae the Ruinous (level 5, -2/28 HPs)
             Began as a Tengu Fire Elementalist on July 26, 2013.
             Slain by a gnoll
             ... wielding a +0,+0 spear
              (3 damage)
             ... on Level 3 of the Dungeon.
             The game lasted 00:03:16 (2736 turns).

Kae the Ruinous (Tengu Fire Elementalist)           Turns: 2736, Time: 00:03:16

HP  -2/28        AC  2     Str  8      XL: 5   Next: 14%
MP   5/11        EV 12     Int 17      God:
Gold 70          SH  0     Dex 14      Spells:  3 memorised,  2 levels left

Res.Fire  : . . .   See Invis. : .   f - +0 spear
Res.Cold  : . . .   Warding    : .   a - +0 robe
Life Prot.: . . .   Conserve   : .   (no shield)
Res.Poison: .       Res.Corr.  : .   (helmet restricted)
Res.Elec. : .       Clarity    : .   (no cloak)
Sust.Abil.: . .     Spirit.Shd : .   (no gloves)
Res.Mut.  : .       Stasis     : .   (boots unavailable)
Res.Rott. : .       Flight     : .   (no amulet)
Saprovore : . . .                    (no ring)
                                     (no ring)

@: very slightly contaminated, slightly resistant to hostile enchantments,
fairly stealthy
A: able to fly, beak, talons 3
a: Fly


You were on level 3 of the Dungeon.
You were hungry.

You visited 1 branch of the dungeon, and saw 3 of its levels.

You collected 50 gold pieces.

Inventory:

Hand weapons
 f - a +0,+0 spear (weapon)
 k - a +1,+0 hand axe of chopping (quivered)
 s - a +0,+2 flail of holy wrath
Armour
 a - a +0 robe (worn)
Comestibles
 c - 2 bread rations
 m - a pear
Scrolls
 h - a scroll of curse jewellery {unknown}
 j - a scroll of identify {unknown}
 n - 3 scrolls of teleportation {unknown}
 o - a scroll of curse armour {unknown}
 q - a scroll of recharging {unknown}
 r - a scroll of fear {unknown}
Jewellery
 g - an uncursed amulet of stasis {unknown}
Potions
 d - a potion of speed {unknown}
 e - 2 potions of brilliance {unknown}
 i - 2 potions of might {unknown}
 l - 2 potions of curing {unknown}
 p - a potion of cure mutation {unknown}
Books
 b - a book of Flames

   Spells                             Type                      Level
   *Flame Tongue                      Conjuration/Fire             1
   *Throw Flame                       Conjuration/Fire             2
   *Conjure Flame                     Conjuration/Fire             3
   Inner Flame                        Hexes/Fire                   3
   Sticky Flame                       Conjuration/Fire             4
   Fireball                           Conjuration/Fire             5


   Skills:
 - Level 2.1 Dodging
 - Level 2.0 Stealth
 + Level 2.2 Spellcasting
 * Level 4.7 Conjurations
 + Level 4.1 Fire Magic


You had 2 spell levels left.
You knew the following spells:

 Your Spells              Type           Power        Failure   Level  Hunger
a - Flame Tongue          Conj/Fire      ###..        3%          1    #......
b - Throw Flame           Conj/Fire      ###...       6%          2    ##.....
c - Conjure Flame         Conj/Fire      ###.....     12%         3    ####...


Dungeon Overview and Level Annotations

Branches:
Dungeon (3/27)

Altars:


Innate Abilities, Weirdness & Mutations

You can fly.
You have a beak for a mouth.
You have claws for feet.


Message History

Aiming: Flame Tongue
Press: ? - help, Shift-Dir - straight line, f/p - gnoll
Aim: a gnoll, wielding a club You miscast Flame Tongue.
You are very lightly contaminated with residual magic.
Heat runs through your body. It hits you.
* * * LOW HITPOINT WARNING * * *
Casting: Flame Tongue
Confirm with . or Enter, or press ? or * to list all spells.
Aiming: Flame Tongue
Press: ? - help, Shift-Dir - straight line, f/p - gnoll
Aim: a gnoll, wielding a club The flame hits something.
It hits you but does no damage.
Casting: Flame Tongue
Confirm with . or Enter, or press ? or * to list all spells.
Aiming: Flame Tongue
Press: ? - help, Shift-Dir - straight line, f/p - gnoll
Aim: a gnoll, wielding a club You miscast Flame Tongue.
Nothing appears to happen.
It hits you.
You die...

#########..#
...........#
..........(#
#########(#
#.# #.# #.#
#(# #@# #.#
#{# #g# ..#
###


You could see a gnoll.

Vanquished Creatures
  An adder (D:2)
  4 gnolls (D:3)
  2 worms (D:2)
  A giant gecko (D:2)
  2 oozes
  A ball python (D:2)
  A giant cockroach (D:1)
  7 goblins
  10 hobgoblins
  3 jackals (D:3)
  6 kobolds
  16 bats
  3 giant newts
  10 rats
67 creatures vanquished.

Notes
Turn   | Place    | Note
--------------------------------------------------------------
     0 | D:1      | Kae, the Tengu Fire Elementalist, began the quest for the Orb.
     0 | D:1      | Reached XP level 1. HP: 10/10 MP: 3/3
   252 | D:1      | Reached XP level 2. HP: 15/15 MP: 5/5
   799 | D:1      | Reached XP level 3. HP: 19/19 MP: 7/7
  1538 | D:2      | Reached XP level 4. HP: 18/24 MP: 3/8
  1592 | D:2      | Learned a level 2 spell: Throw Flame
  1596 | D:2      | Learned a level 3 spell: Conjure Flame
  1626 | D:2      | Reached skill level 4 in Conjurations
  2527 | D:3      | Reached XP level 5. HP: 28/28 MP: 6/11
  2734 | D:3      | HP: 1/28 [something (3)]
  2736 | D:3      | Slain by a gnoll

Action                   |  1- 3 |  4- 6 || total
-------------------------+-------+-------++-------
Melee: Unarmed           |     6 |       ||     6
       Spear             |    27 |    25 ||    52
       Hand axe          |    19 |    44 ||    63
 Cast: Flame Tongue      |    35 |    32 ||    67
       Conjure Flame     |       |     2 ||     2
 Stab: Sleeping          |     1 |     1 ||     2
       Distracted        |     1 |       ||     1
